 Dungeon Crawl Stone Soup version 0.29-a0-925-g0a7a3d12f8 (webtiles) character file.

Game seed: 1733669618465567188

2970 quixfox the Geomancer (level 9, -6/53 HPs)
             Began as a Gargoyle Earth Elementalist on July 30, 2022.
             Was a Follower of Vehumet.
             Mangled by a two-headed ogre
             ... wielding a +0 giant club
              (15 damage)
             ... on level 7 of the Dungeon.
             The game lasted 00:16:39 (7757 turns).

quixfox the Geomancer (Gargoyle Earth Elementalist) Turns: 7757, Time: 00:16:39

Health: -6/53      AC: 14    Str: 16    XL:     9   Next: 82%
Magic:  11/18      EV: 11    Int: 20    God:    Vehumet [*.....]
Gold:   163        SH:  5    Dex:  5    Spells: 15/21 levels left

rFire   . . .      SeeInvis .   b - +8 spear of Ecueh {spect, rElec rN++ Str+4 Dex-5}
rCold   . . .      Faith    .   (no shield)
rNeg    + + +      Spirit   .   t - +2 robe {rF+}
rPois   ∞          Reflect  +   f - +2 helmet of Coblium {rElec rF- rN+ Stlth+}
rElec   +          Harm     .   (no cloak)
rCorr   .          Rampage  .   (no gloves)
Will    .....                   (no boots)
Stlth   ++........              p - amulet of reflection
HPRegen 0.17/turn               (no ring)
MPRegen 0.16/turn               (no ring)

@: no status effects
A: sickness immunity, AC +6, negative energy resistance 1, electricity
resistance, torment resistance 1, petrification resistance
a: Renounce Religion


You were on level 7 of the Dungeon.
You worshipped Vehumet.
Vehumet was aware of your devotion.
You visited 2 branches of the dungeon, and saw 9 of its levels.

You collected 381 gold pieces.
You spent 218 gold pieces at shops.

Inventory:

Hand Weapons
 b - the +8 spear of Ecueh (weapon) {spect, rElec rN++ Str+4 Dex-5}
   (You found it on level 2 of the Dungeon)

   When its wielder attacks, the weapon's spirit leaps out and strikes again.
   The spirit shares a part of any damage it takes with its wielder.
   Str:       It affects your strength (+4).
   Dex:       It affects your dexterity (-5).
   rElec:     It insulates you from electricity.
   rN:        It greatly protects you from negative energy.
Armour
 f - the +2 helmet of Coblium (worn) {rElec rF- rN+ Stlth+}
   (You bought it in a shop on level 1 of the Dungeon)

   rF:        It makes you vulnerable to fire.
   rElec:     It insulates you from electricity.
   rN:        It protects you from negative energy.
   Stlth:     It makes you more stealthy.
 r - the +5 ring mail of Submission {rElec rPois rC+ Will+ Str-4}
   (You found it on level 5 of the Dungeon)

   Str:       It affects your strength (-4).
   rC:        It protects you from cold.
   rElec:     It insulates you from electricity.
   rPois:     It protects you from poison.
   Will:      It increases your willpower.
 t - a +2 robe of fire resistance (worn)
Magical Staves
 a - a staff of conjuration
Jewellery
 p - an amulet of reflection (around neck)
Wands
 q - a wand of iceblast (16)
Scrolls
 c - a scroll of vulnerability {unknown}
 e - 2 scrolls of amnesia
 h - a scroll of poison
 k - 2 scrolls of silence
 u - a scroll of teleportation
Potions
 d - a potion of magic
 g - 2 potions of lignification
 i - 3 potions of mutation
 j - 4 potions of curing
 l - a potion of might
 m - a potion of berserk rage
 n - a potion of flight {unknown}
 o - 2 potions of haste
 s - a potion of attraction {unknown}


   Skills:
 + Level 4.9 Fighting
 + Level 4.8 Armour
 - Level 1.5 Dodging
 - Level 2.1 Stealth
 + Level 6.5 Spellcasting
 + Level 6.9 Conjurations
 - Level 0.7 Transmutations
 + Level 8.9 Earth Magic


You had 15 spell levels left.
You knew the following spells:

 Your Spells              Type           Power      Damage    Failure   Level
a - Sandblast             Erth           84%        2d18      1%          1
b - Passwall              Tmut/Erth      20%        N/A       1%          2
c - Stone Arrow           Conj/Erth      76%        3d11      1%          3

Your spell library contained the following spells:

 Spells                   Type           Power      Damage    Failure   Level
 Shock                    Conj/Air       80%        1d8       2%          1
 Static Discharge         Conj/Air       20%        3-6/arc   3%          2
 Petrify                  Tmut/Erth      25%        N/A       14%         4
 Animate Armour           Summ/Erth      48%        N/A       16%         4
 Portal Projectile        Hex/Tloc       12%        N/A       30%         3
 Tukima's Dance           Hex            6%         N/A       30%         3
 Iron Shot                Conj/Erth      19%        9d4       52%         6
 Blade Hands              Tmut           4%         N/A       90%         5
 Lehudib's Crystal Spear  Conj/Erth      19%        10d6      100%        8


Dungeon Overview and Level Annotations

Branches:
Dungeon (8/15)             Temple (1/1) D:4            Lair (0/5) D:8

Altars:
Ashenzari
Cheibriados
Dithmenos
Elyvilon
Fedhas
Gozag
Hepliaklqana
Kikubaaqudgha
Makhleb
Nemelex Xobeh
Okawaru
Qazlal
Trog
Vehumet
Wu Jian
Xom
Yredelemnul
The Shining One

Shops:
D:1 [

Annotations:
D:3 2 runed translucent doors


Innate Abilities, Weirdness & Mutations

You are immune to sickness and miasma.
Your stone body is resilient. (AC +6)
You are immune to poison.
You resist negative energy. (rN+)
You are resistant to electric shocks. (rElec)
You are resistant to unholy torment.
You are immune to petrification.


Message History

Your +8 spear of Ecueh {spect, rElec rN++ Str+4 Dex-5} hits the iguana.
You kill the iguana!
Vehumet accepts your kill.
You feel your power returning.
Your spectral weapon disappears.
a - a staff of conjuration (weapon)
HP restored.
You see here 4 stones.
There is a stone staircase leading down here.
You climb downwards.
There is a stone staircase leading up here.
The basilisk gazes at you. You resist with some effort.
The two-headed ogre hits you with a +0 giant club!!
You block the two-headed ogre's attack.
You climb upwards.
There is a stone staircase leading down here.
Okay, then.
You feel stronger.
You feel clumsy.
You feel a bond with the +8 spear of Ecueh {spect, rElec rN++ Str+4 Dex-5}.
b - the +8 spear of Ecueh (weapon)
{spect, rElec rN++ Str+4 Dex-5} You puncture the two-headed ogre!
The two-headed ogre is lightly wounded.
Your +8 spear of Ecueh {spect, rElec rN++ Str+4 Dex-5} hits the two-headed ogre from afar!
The two-headed ogre misses you. The two-headed ogre barely misses you.
You hit the two-headed ogre.
The two-headed ogre is moderately wounded.
Your +8 spear of Ecueh {spect, rElec rN++ Str+4 Dex-5} hits the two-headed ogre from afar!
You hit the two-headed ogre.
The two-headed ogre is severely wounded.
Your +8 spear of Ecueh {spect, rElec rN++ Str+4 Dex-5} hits the two-headed ogre from afar!
The two-headed ogre hits you with a +0 giant club!
The two-headed ogre hits you with a +0 giant spiked club!
* * * LOW HITPOINT WARNING * * *
You completely miss the two-headed ogre.
The two-headed ogre is severely wounded.
Your +8 spear of Ecueh {spect, rElec rN++ Str+4 Dex-5} barely misses the two-headed ogre.
The two-headed ogre hits you with a +0 giant club!
You die...

##### #....
##############....
#............+....
##########'######...###....
#....##...@................
#....##..O.(...#######.....
#..[.##........# ##....
#....##........# #....
#..............# #....
####...........# #....
#...........# #....
########........# #....
#...............########....


You could see a two-headed ogre and a friendly +8 spear of Ecueh {spect, rElec
rN++ Str+4 Dex-5} (summoned).

Vanquished Creatures
  Pikel (D:6)
  Sigmund (D:5)
  2 wyverns (D:8)
  A water moccasin (D:8)
  2 black bears
  2 ice beasts
  A centaur (D:5)
  2 lemures
  2 phantoms (D:6)
  2 wyvern zombies (D:6)
  2 scorpions
  4 wights (D:7)
  6 killer bees (D:7)
  3 bullfrog zombies (D:6)
  3 hounds
  An orc priest (D:6)
  A bullfrog skeleton (D:6)
  A centaur skeleton (D:6)
  5 iguanas
  2 orc wizards (D:6)
  A killer bee zombie (D:6)
  A howler monkey zombie (D:6)
  10 adders
  A white imp (D:6)
  A worm (D:2)
  2 dart slugs
  8 orcs
  6 endoplasms
  3 giant cockroaches
  11 goblins
  5 hobgoblins
  4 jackals (D:3)
  8 kobolds
  3 quokkas
  6 ball pythons
  6 bats
  A frilled lizard (D:3)
  3 rats
124 creatures vanquished.

Vanquished Creatures (others)
  2 fungi (D:8)
  7 plants (D:8)
9 creatures vanquished.

Grand Total: 133 creatures vanquished

Notes
Turn   | Place    | Note
-------+----------+-------------------------------------------
     0 | D:1      | quixfox the Gargoyle Earth Elementalist began the quest for
                  | the Orb.
     0 | D:1      | Reached XP level 1. HP: 10/10 MP: 3/3
   444 | D:1      | Reached XP level 2. HP: 15/15 MP: 3/5
   469 | D:1      | Reached skill level 4 in Earth Magic
   638 | D:1      | Found Waub's Antique Armour Shoppe.
   770 | D:1      | Got the Compendium of the Valley of Death
   873 | D:1      | Found a faded altar of an unknown god.
  1062 | D:2      | Reached XP level 3. HP: 19/19 MP: 4/7
  1065 | D:2      | Learned a level 2 spell: Passwall
  1069 | D:2      | Learned a level 3 spell: Stone Arrow
  1099 | D:2      | Identified the +8 spear of Ecueh {spect, rElec rN++ Str+4
                  | Dex-5}
  1216 | D:2      | Found a broken altar of Ashenzari.
  1570 | D:2      | Reached skill level 1 in Conjurations
  1570 | D:2      | Reached XP level 4. HP: 24/24 MP: 5/8
  2230 | D:3      | Reached skill level 5 in Earth Magic
  2305 | D:3      | Found a large runed translucent door.
  2306 | D:3      | Found a large runed translucent door.
  2972 | D:4      | Reached XP level 5. HP: 28/28 MP: 8/10
  2978 | D:4      | Noticed a black bear
  2997 | D:4      | Killed a black bear
  3099 | D:4      | Reached XP level 6. HP: 32/32 MP: 9/11
  3437 | D:4      | Found a staircase to the Ecumenical Temple.
  3447 | Temple   | Entered the Ecumenical Temple
  3513 | Temple   | Became a worshipper of Vehumet
  3553 | D:5      | Entered Level 5 of the Dungeon
  3749 | D:5      | Noticed an ice beast
  3761 | D:5      | Killed an ice beast
  3894 | D:5      | Reached skill level 6 in Earth Magic
  3942 | D:5      | Noticed Sigmund
  3944 | D:5      | Killed Sigmund
  3945 | D:5      | Reached XP level 7. HP: 36/36 MP: 10/13
  4595 | D:5      | Identified the +5 ring mail of Submission {rElec rPois rC+
                  | Will+ Str-4}
  4599 | D:5      | Found a bloodstained altar of Trog.
  4981 | D:5      | Reached skill level 7 in Earth Magic
  5069 | D:5      | Reached skill level 5 in Spellcasting
  5445 | D:6      | Reached XP level 8. HP: 7/42 MP: 12/15
  5445 | D:6      | HP: 2/42 [lemure[Pikel] (6)]
  5749 | D:6      | Noticed Pikel
  5799 | D:6      | Reached skill level 1 in Fighting
  5799 | D:6      | Reached skill level 1 in Armour
  5820 | D:6      | Reached skill level 5 in Conjurations
  6062 | D:6      | Killed Pikel
  6063 | D:6      | Reached skill level 8 in Earth Magic
  6063 | D:6      | Reached XP level 9. HP: 33/51 MP: 17/17
  6201 | D:6      | Reached * piety under Vehumet
  6201 | D:6      | Offered knowledge of Shock by Vehumet.
  6523 | D:7      | Identified a scroll of acquirement
  6523 | D:7      | Acquired a staff of conjuration
  6657 | D:1      | Bought a smoking helmet for 218 gold pieces
  6657 | D:1      | Identified the +2 helmet of Coblium {rElec rF- rN+ Stlth+}
                  | (You bought it in a shop on level 1 of the Dungeon)
  7677 | D:8      | Found a staircase to the Lair.
  7677 | D:8      | Noticed a two-headed ogre
  7757 | D:7      | Mangled by a two-headed ogre

Illustrated notes

Levels and vault maps discovered:
D:1:      ebering_trefoil_3fold, layout_loops_corners, serial_shops,
          nicolae_shop_stone, ebering_ecumenical_altar_box
D:2:      minmay_inner_zag, layout_basic, serial_glass, glass_columns_c,
          glass_columns_a, basic_altar, minmay_tiny_reverse_x
D:3:      layout_basic, jmf_multi_god_temple2
D:4:      layout_basic, minmay_temple_entry_statues_pillars
D:5:      layout_layer_cave, trog_hazing_becter, uniq_sigmund
D:6:      layout_cave_pools, serial_undead, serial_undead_d, serial_undead_b,
          serial_undead_d, serial_undead_d, uniq_pikel
D:7:      layout_basic
D:8:      layout_cave_pods, minmay_lair_entry_grove
Temple:   nicolae_temple_bog_church

Skill      XL: |  1  2  3  4  5  6  7  8  9 |
---------------+----------------------------+-----
Earth Magic    | 4 5 6 7 8 |  8.9
Spellcasting   | 3 4 5 6 |  6.5
Conjurations   | 1 2 4 5 6 |  6.9
Fighting       | 3 4 |  4.9
Armour         | 3 4 |  4.8
Dodging        | |  1.5
Stealth        | |  2.1
Transmutations | |  0.7

Action                   |  1- 3 |  4- 6 |  7- 9 || total
-------------------------+-------+-------+-------++-------
Melee: Unarmed           |     4 |       |       ||     4
       Spear             |     1 |    15 |    54 ||    70
       Staff             |       |       |     2 ||     2
       Punch             |       |       |     1 ||     1
 Cast: Sandblast         |    39 |    40 |    54 ||   133
       Stone Arrow       |       |       |    26 ||    26
  Use: Scroll            |     4 |     2 |    10 ||    16
       Potion            |       |       |     3 ||     3
 Stab: Distracted        |       |       |     1 ||     1
Armor: Robe              |     9 |     8 |    31 ||    48
Dodge: Dodged            |     9 |     8 |    39 ||    56
Block: Other             |       |       |     1 ||     1

Table legend: (Time is in decaauts)
 A = Elapsed time spent in this place.
 B = Non-inter-level travel time spent in this place.
 C = Inter-level travel time spent in this place.
 D = Time resting spent in this place.
 E = Time spent auto-exploring this place.
 F = Levels seen in this place.
 G = Mean time per level.
                   A        B        C        D        E       F      G
               +--------+--------+--------+--------+--------+-----+--------+
         Total |   7910 |   7369 |    541 |   1094 |   5251 |   9 |  878.9 |
       Dungeon |   7812 |   7279 |    533 |   1094 |   5251 |   8 |  976.5 |
        Temple |     98 |     90 |      8 |      0 |      0 |   1 |   98.0 |
               +--------+--------+--------+--------+--------+-----+--------+

Top non-repeatable levels by time:
     D:5: 2272 daAuts
     D:1: 1051 daAuts
     D:2: 1046 daAuts
     D:7: 988 daAuts
     D:3: 972 daAuts
     D:6: 733 daAuts
     D:4: 671 daAuts
  Temple: 98 daAuts
     D:8: 76 daAuts
